 Dungeon Crawl Stone Soup version 0.27.0-1-g7a089689b8 (webtiles) character file.

Game seed: 6535485818170833812

144 SnakkuSnakku7 the Caller (level 4, -1/33 HPs)
             Began as a Demigod Summoner on Aug 2, 2021.
             Slain by an adder (4 damage)
             ... on level 3 of the Dungeon.
             The game lasted 00:03:09 (3137 turns).

SnakkuSnakku7 the Caller (Demigod Summoner)         Turns: 3137, Time: 00:03:09

Health: -1/33      AC:  3    Str:  9    XL:     4   Next: 76%
Magic:  7/9        EV: 12    Int: 21    God:
Gold:   116        SH:  0    Dex: 14    Spells: 2/6 levels left

rFire    . . .     SeeInvis .   m - +2 dagger (venom)
rCold    . . .     Faith    .   (no shield)
rNeg     . . .     Spirit   .   a - +0 robe
rPois    +         Reflect  .   (no helmet)
rElec    .         Harm     .   (no cloak)
rCorr    .         Rampage  .   (no gloves)
Will     +....                  b - +0 pair of boots
Stlth    ++........             (no amulet)
HPRegen  0.11/turn              l - ring of poison resistance
MPRegen  0.11/turn              o - ring of willpower

@: no status effects
A: high mp 1, forlorn
a: no special abilities


You were on level 3 of the Dungeon.
You visited 1 branch of the dungeon, and saw 3 of its levels.

You collected 116 gold pieces.

Inventory:

Hand Weapons
 c - a +0 dagger
 g - a +0 mace
 m - a +2 dagger of venom (weapon)
Armour
 a - a +0 robe (worn)
 b - a +0 pair of boots (worn)
Jewellery
 l - a ring of poison resistance (left hand)
 o - a ring of willpower (right hand)
Wands
 p - a wand of iceblast (10)
Scrolls
 d - 6 scrolls of identify {unknown}
 e - a scroll of fear {unknown}
 i - 2 scrolls of vulnerability {unknown}
 k - a scroll of magic mapping {unknown}
Potions
 f - a potion of flight {unknown}
 h - a potion of ambrosia {unknown}
 j - a potion of heal wounds {unknown}
 n - a potion of degeneration {unknown}


   Skills:
 - Level 1.7 Dodging
 - Level 1.7 Stealth
 - Level 1.7 Spellcasting
 + Level 5.8 Summonings


You had 2 spell levels left.
You knew the following spells:

 Your Spells              Type           Power      Damage    Failure   Level
a - Summon Small Mammal   Summ           100%       N/A       1%          1
z - Call Canine Familiar  Summ           26%        N/A       4%          3

Your spell library contained the following spells:

 Spells                   Type           Power      Damage    Failure   Level
 Call Imp                 Summ           26%        N/A       1%          2
 Summon Guardian Golem    Hex/Summ       14%        N/A       14%         3
 Summon Lightning Spire   Summ/Air       14%        N/A       41%         4


Dungeon Overview and Level Annotations

Branches:
Dungeon (3/15)


Innate Abilities, Weirdness & Mutations

Your attributes grow dramatically as you level up.
You have an increased reservoir of magic. (+10% MP)
You shall have no god before yourself.


Message History

You are too injured to fight recklessly!
You are too injured to fight recklessly!
The goblin shouts!
You hit the hobgoblin.
The hobgoblin is poisoned.
The hobgoblin is moderately wounded.
The hobgoblin barely misses you.
You hit the hobgoblin but do no damage.
The hobgoblin is moderately wounded.
The hobgoblin misses you.
An adder comes into view.
The adder bites you.
Items here: " $ ) ? [ †.
The hobgoblin hits you but does no damage.
There is an open door here.
The adder barely misses you.
Casting: Summon Small Mammal (safe; 1% risk of failure)
Confirm with . or Enter, or press ? or * to list all spells.
You kill the hobgoblin!
The adder closely misses you.
A kobold comes into view. It is wielding a +0 short sword.
Unknown command.
You closely miss the adder. The adder bites you.
* * * LOW HITPOINT WARNING * * *
Your hound closely misses the adder.
The adder bites you.
* * * LOW HITPOINT WARNING * * *
Unknown command.
You hit the adder but do no damage.
The adder is poisoned.
Your hound barely misses the adder.
The adder bites you.
* * * LOW HITPOINT WARNING * * *
Your hound bites the adder.
Unknown command.
Your hound closely misses the adder.
Your hound bites the adder.
The adder barely misses your hound.
Your hound closely misses the adder.
Your hound barely misses the adder.
The adder misses your hound.
Your hound completely misses the adder.
The adder bites your hound.
Your hound barely misses the adder.
You kill the adder!
The adder bites you.
You die...

.. #..##..##.#.#.# . #' #......
#.#...# ..# #. . #..#.##...#.#
#'# #. ###. #.##.##.###.# ##!.#
###' #... #....#..# #.#
#....##..## #..###.#.....###.#
#....'....######..#..#..##.##..#
# #....#...##........#..##.##
##))##...##@(...##.<.# #.#
###'#..h..S..##..#...# #.#
###)........g..###.....# #.#
#..........##### ##....###.#
.....##..##...# #.......#.#
##### #..##...# ##.......#.#
#.....### #........#<# #...###
#...####...# ....# #.#.# ##.###


You could see an adder (ally target), a goblin and a friendly hound (summoned).

Vanquished Creatures
  Jessica (D:3)
  3 adders
  A worm (D:3)
  An orc (D:3)
  8 bats
  6 endoplasms
  5 giant cockroaches
  3 hobgoblins
  2 jackals (D:3)
  4 kobolds
  2 quokkas
  3 ball pythons
  4 frilled lizards
  9 goblins
  7 rats
59 creatures vanquished.

Vanquished Creatures (collateral kills)
  Terence (D:2)
  An adder (D:2)
  A worm (D:2)
  A ball python (D:1)
  An endoplasm (D:2)
  A goblin (D:2)
6 creatures vanquished.

Grand Total: 65 creatures vanquished

Notes
Turn   | Place    | Note
-------+----------+-------------------------------------------
     0 | D:1      | SnakkuSnakku7 the Demigod Summoner began the quest for the
                  | Orb.
     0 | D:1      | Reached XP level 1. HP: 14/14 MP: 5/5
   372 | D:1      | Reached skill level 4 in Summonings
   735 | D:1      | Reached XP level 2. HP: 20/20 MP: 7/7
  1584 | D:2      | Reached XP level 3. HP: 10/26 MP: 5/8
  1588 | D:2      | Learned a level 3 spell: Call Canine Familiar
  2071 | D:2      | Noticed Terence
  2096 | D:2      | Killed Terence
  2097 | D:2      | Reached skill level 5 in Summonings
  2548 | D:3      | Reached XP level 4. HP: 33/33 MP: 9/9
  2894 | D:3      | Noticed Jessica
  2906 | D:3      | Killed Jessica
  3137 | D:3      | Slain by an adder

Illustrated notes

Levels and vault maps discovered:
D:1:      dpeg_arrival_subterranean_lakeside_camping, layout_loops_ring,
          minmay_misc_feat_four_crosses, columned_hall_lemuel
D:2:      layout_rooms, basic_altar, kennysheep_small_spiral, uniq_terence
D:3:      minmay_bubble_buster, layout_rooms,
          shapermc_ecumenical_altar_totnotflames, minmay_strange_pillars,
          uniq_ijyb, uniq_jessica

Skill      XL: |  1  2  3 |
---------------+----------+-----
Summonings     | 4 5 |  5.8
Dodging        | |  1.7
Stealth        | |  1.7
Spellcasting   | |  1.7

Action                   |  1- 3 |  4- 6 || total
-------------------------+-------+-------++-------
Melee: Dagger            |    31 |    64 ||    95
       Mace              |   129 |       ||   129
 Cast: Summon Small Mamm |     4 |       ||     4
       Call Canine Famil |     1 |     1 ||     2
 Stab: Sleeping          |     6 |       ||     6
Armor: Robe              |    63 |     6 ||    69
Dodge: Dodged            |   141 |    39 ||   180
